 Dungeon Crawl Stone Soup version 0.19.1 (webtiles) character file.

595 Kailar the Skirmisher (level 7, -15/60 HPs)
             Began as a Minotaur Berserker on Nov 28, 2016.
             Was an Initiate of Makhleb.
             Demolished by a polar bear (17 damage)
             ... created by the rage of Trog
             ... on level 4 of the Dungeon.
             The game lasted 00:40:18 (3117 turns).

Kailar the Skirmisher (Minotaur Berserker)          Turns: 3117, Time: 00:40:20

Health: -15/60     AC: 11    Str: 22    XL:     7   Next: 16%
Magic:  6/6        EV: 15    Int:  4    God:    Makhleb [......]
Gold:   101        SH:  0    Dex: 11    Spells: 0 memorised, 6 levels left

rFire  . . .     SeeInvis .     u - +0 hand axe (flame)
rCold  . . .     Gourm    .     E - +0 plate armour
rNeg   . . .     Faith    .     (no shield)
rPois  .         Spirit   .     (helmet restricted)
rElec  .         Reflect  .     (no cloak)
rCorr  .         Harm     .     (no gloves)
MR     .....                    (no boots)
Stlth  ..........               (no amulet)
                                s - +6 ring of evasion
                                J - +2 ring of evasion

@: confused, flying
A: retaliatory headbutt, horns 2
a: Renounce Religion


You were on level 4 of the Dungeon.
You worshipped Makhleb.
Makhleb was noncommittal.
You were not hungry.

You visited 1 branch of the dungeon, and saw 4 of its levels.

You collected 101 gold pieces.

Inventory:

Hand Weapons
 a - a +0 falchion
 e - a +0 short sword
 h - a +0 club
 j - a +0 mace
 n - a +0 club
 p - a +0 dagger of chaos
 u - a +0 hand axe of flaming (weapon)
 x - a +0 whip
 z - a cursed -1 club
 B - a +0 spear
 D - a +0 dagger
 G - a +0 giant spiked club
 I - a +0 rapier
 O - a +0 scythe
Missiles
 g - 22 poisoned needles
 i - 64 stones (quivered)
 C - 28 bolts
 F - 26 arrows
 L - 35 sling bullets
Armour
 b - a +0 animal skin
 m - a +0 leather armour
 r - a +0 scale mail
 t - a +0 scale mail
 A - a +0 robe of magic resistance
 E - a +0 plate armour (worn)
 K - a +0 ring mail
 M - a +0 leather armour
 P - a +1 robe of magic resistance
Jewellery
 s - a +6 ring of evasion (right hand)
 J - a +2 ring of evasion (left hand)
Wands
 y - a wand of random effects (29/48)
 H - a wand of flame (29/48)
 Q - a wand of flame (30/48)
Scrolls
 v - a scroll of remove curse
 N - a scroll of fog
Potions
 d - a potion of degeneration
 f - 2 potions of heal wounds
Comestibles
 c - a bread ration
 k - 5 fruits
 l - a royal jelly
 o - a meat ration
 q - 8 chunks of flesh


   Skills:
 + Level 4.9 Fighting
 + Level 4.7 Long Blades
 + Level 4.9 Axes
 + Level 3.6 Throwing
 + Level 3.8 Armour
 + Level 2.8 Dodging
 + Level 0.6 Stealth


You had 6 spell levels left.
You didn't know any spells.

Dungeon Overview and Level Annotations

Branches:
Dungeon (4/15)
 Temple: D:4-7

Altars:
Makhleb
Xom


Innate Abilities, Weirdness & Mutations

You reflexively headbutt those who attack you in melee.
You have a pair of horns on your head.


Message History

* * * LOW HITPOINT WARNING * * *
The polar bear closely misses you.
The polar bear claws you but does no damage.
Throwing (i - inventory):
i - 64 stones (quivered)
Press: ? - help, Shift-Dir - straight line, f - polar bear
Aim: a polar bear (lightly wounded, berserk, fast, unusually strong, durably summoned)
Okay, then.
You feel very buoyant.
You fly up into the air.
The polar bear bites you but does no damage.
The polar bear closely misses you.
The polar bear claws you but does no damage.
The polar bear barely misses you.
The polar bear claws you but does no damage.
The polar bear barely misses you. The black bear bites you.
* * * LOW HITPOINT WARNING * * *
The black bear barely misses you.
The black bear claws you but does no damage.
The polar bear bites you!
You die...

# #. #.....# #
#.###.....# #
#.........#
###........>######
.....##...#......#
####.##...######.######
# #.##...# #รท.....# #
#.###### #.h....#
####.# #@h....# ....)#
#hh(...# ..#..#
#......# ..+..#
#(.....# ..#.##
#(.....# ###.#
#....(.(. ..#
.......... ...
##..##..##( .### #...
..#


You could see 3 polar bears and a black bear (berserk).

Vanquished Creatures
  Sigmund (D:2)
  Eustachio (D:4)
  An ogre (D:4)
  A crimson imp (D:3)
  A centaur skeleton (D:4)
  An iguana (D:4)
  Jessica (D:2)
  2 adders
  2 oozes
  3 worms
  A dart slug (D:1)
  3 leopard geckos
  7 bats
  A giant cockroach (D:2)
  10 hobgoblins
  10 jackals
  3 frilled lizards (D:1)
  4 goblins
  6 kobolds
  8 rats
67 creatures vanquished.

Notes
Turn   | Place    | Note
-------+----------+-------------------------------------------
     0 | D:1      | Kailar the Minotaur Berserker began the quest for the Orb.
     0 | D:1      | Reached XP level 1. HP: 19/19 MP: 0/0
   177 | D:1      | Reached XP level 2. HP: 25/27 MP: 1/1
  1258 | D:2      | Reached ** piety under Trog
  1258 | D:2      | Reached XP level 3. HP: 33/33 MP: 2/2
  1340 | D:2      | Reached skill level 1 in Axes
  1362 | D:2      | Noticed Jessica
  1366 | D:2      | Killed Jessica
  1464 | D:2      | Reached XP level 4. HP: 41/41 MP: 3/3
  1889 | D:2      | Noticed Sigmund
  1902 | D:2      | Killed Sigmund
  1902 | D:2      | Reached XP level 5. HP: 36/47 MP: 4/4
  2396 | D:3      | Found a burning altar of Makhleb.
  2396 | D:3      | Found a shimmering altar of Xom.
  2399 | D:3      | Reached XP level 6. HP: 53/53 MP: 5/5
  2454 | D:3      | Fell from the grace of Trog
  2454 | D:3      | Became a worshipper of Makhleb the Destroyer
  2951 | D:4      | Noticed Eustachio
  2995 | D:4      | Killed Eustachio
  2995 | D:4      | Reached XP level 7. HP: 30/60 MP: 6/6
  3114 | D:4      | Noticed a polar bear
  3114 | D:4      | Noticed a polar bear
  3114 | D:4      | Noticed a polar bear
  3117 | D:4      | HP: 2/60 [black bear[the rage of Trog] (6)]
  3117 | D:4      | Demolished by a polar bear

Skill      XL: |  1  2  3  4  5  6 |
---------------+-------------------+-----
Long Blades    | 4 |  4.7
Fighting       | 4 |  4.9
Axes           | 1 3 4 |  4.9
Throwing       | 2 3 |  3.6
Armour         | 3 |  3.8
Dodging        | |  2.8
Stealth        | |  0.6

Action                   |  1- 3 |  4- 6 |  7- 9 || total
-------------------------+-------+-------+-------++-------
Melee: Falchion          |     8 |       |       ||     8
       Headbutt          |     2 |    12 |     3 ||    17
       Hand axe          |    33 |    70 |    14 ||   117
       Spear             |       |     4 |       ||     4
Throw: Stone             |    40 |    45 |    13 ||    98
Invok: Berserk           |     1 |     2 |       ||     3
  Use: Potion            |     5 |     1 |     1 ||     7
       Scroll            |       |     5 |     1 ||     6
  Eat: Chunk             |     1 |     3 |     1 ||     5
       Meat ration       |     1 |       |       ||     1
Armor: Animal skin       |     1 |       |       ||     1
       Scale mail        |    11 |    12 |       ||    23
       Plate armour      |       |    10 |    15 ||    25
Dodge: Dodged            |    31 |    46 |    12 ||    89
       Rpst.: Falchion   |     2 |       |       ||     2
